 Dungeon Crawl Stone Soup version 0.25.1-2-g60ff931df9 (webtiles) character file.

Game seed: 3169223167690101861

44951 Mrkan the Cleaver (level 13, 0/187 HPs)
             Began as a Minotaur Fighter on Nov 13, 2020.
             Was the Champion of Nemelex Xobeh.
             Slain by a hornet (7 damage)
             ... on level 6 of the Lair of Beasts on Nov 14, 2020.
             The game lasted 00:33:26 (20207 turns).

Mrkan the Cleaver (Minotaur Fighter)               Turns: 20207, Time: 00:33:26

Health: 0/187      AC: 24    Str: 21    XL:     13   Next: 99%
Magic:  0/21       EV:  7    Int:  7    God:    Nemelex Xobeh [******]
Gold:   1007       SH: 13    Dex: 16    Spells: 12/12 levels left

rFire    + . .     SeeInvis +   t - +3 hand axe (flame)
rCold    + . .     Gourm    .   c - +0 kite shield
rNeg     . . .     Faith    .   P - +3 chain mail {rF+}
rPois    .         Spirit   +   d - +2 hat {SInv}
rElec    .         Reflect  .   u - scarf {repulsion}
rCorr    .         Harm     .   G - +2 pair of gloves {Dex+3}
MR       .....                  (no boots)
Stlth    ..........             i - amulet of guardian spirit
HPRegen  0.41/turn              w - ring of protection from cold
MPRegen  0.17/turn              L - +4 ring of protection

@: berserking, lethally poisoned (0 -> -28), repel missiles, very quick
A: retaliatory headbutt, horns 2
a: Draw Escape, Draw Destruction, Draw Summoning, Triple Draw, Deal Four, Stack
Five, Renounce Religion


You were on level 6 of the Lair of Beasts.
You worshipped Nemelex Xobeh.
Nemelex Xobeh was exalted by your worship.
You were very hungry.

You visited 2 branches of the dungeon, and saw 16 of its levels.
You also visited: Sewer and Volcano.

You collected 1194 gold pieces.
You spent 187 gold pieces at shops.

Inventory:

Hand Weapons
 t - a +3 hand axe of flaming (weapon)
Armour
 c - a +0 kite shield (worn)
 d - a +2 hat of see invisible (worn)
 h - a +0 plate armour
 u - a scarf of repulsion (worn)
 G - a +2 pair of gloves of dexterity (worn)
 P - a +3 chain mail of fire resistance (worn)
Jewellery
 i - an amulet of guardian spirit (around neck)
 w - a ring of protection from cold (left hand)
 J - an uncursed amulet of magic regeneration
 K - an uncursed ring of wizardry
 L - a +4 ring of protection (right hand)
 R - an uncursed ring of see invisible {unknown}
 W - an uncursed amulet of faith
 X - an uncursed amulet of regeneration {unknown}
Wands
 j - a wand of random effects (23)
 q - a wand of paralysis (15)
 x - a wand of flame (44)
 y - a wand of digging (13)
 F - a wand of clouds (4)
 I - a wand of enslavement (8)
 O - a wand of polymorph (38)
 S - a wand of iceblast (10)
Scrolls
 b - 3 scrolls of amnesia
 e - 2 scrolls of fog
 n - 2 scrolls of noise
 o - 3 scrolls of random uselessness
 p - 16 scrolls of teleportation
 C - 2 scrolls of enchant weapon
 E - 4 scrolls of remove curse
 H - a scroll of magic mapping {unknown}
 M - 3 scrolls of identify
 N - a scroll of brand weapon
 T - 3 scrolls of blinking {unknown}
 U - a scroll of vulnerability {unknown}
Potions
 a - 5 potions of stabbing
 g - 2 potions of cancellation
 k - 2 potions of mutation
 l - 3 potions of flight
 m - 2 potions of berserk rage
 r - 3 potions of degeneration
 s - 3 potions of magic
 v - 3 potions of lignification
 z - a potion of curing
 B - 2 potions of brilliance
 D - 2 potions of invisibility
 Q - 2 potions of haste
 V - a potion of ambrosia
Comestibles
 f - 20 rations


   Skills:
 + Level 14.4 Fighting
 * Level 14.6 Axes
 + Level 11.1 Armour
 + Level 11.1 Shields
 - Level 12.0 Invocations


You had 12 spell levels left.
You didn't know any spells.
Your spell library contained the following spells:

 Spells                   Type           Power        Failure   Level  Hunger
 Animate Skeleton         Necr           N/A          99%         1    ##.....
 Magic Dart               Conj           #...         99%         1    ##.....
 Pain                     Necr           #...         99%         1    ##.....
 Sting                    Tmut/Pois      #...         99%         1    ##.....
 Blink                    Tloc           N/A          100%        2    ###....
 Call Imp                 Summ           #.......     100%        2    ###....
 Poisonous Vapours        Pois/Air       #.....       100%        2    ###....
 Slow                     Hex            #.......     100%        2    ###....
 Conjure Flame            Conj/Fire      #.......     100%        3    ####...
 Ignite Poison            Fire/Tmut/Pois #.......     100%        3    ####...
 Mephitic Cloud           Conj/Pois/Air  #.......     100%        3    ####...
 Vampiric Draining        Necr           #.........   100%        3    ####...
 Animate Dead             Necr           N/A          100%        4    #####..
 Olgreb's Toxic Radiance  Pois           #.......     100%        4    #####..
 Agony                    Necr           #.......     100%        5    ######.


Dungeon Overview and Level Annotations

Branches:
Dungeon (10/15)            Temple (0/1) D:7            Lair (6/6) D:10
  Swamp (0/4) Lair:4        Snake (0/4) Lair:2        Slime (0/5) Lair:5
    Orc (0/2) D:10          Sewer (visited)         Volcano (visited)

Altars:
Cheibriados
Fedhas
Hepliaklqana
Kikubaaqudgha
Makhleb
Nemelex Xobeh
Ru
Sif Muna
Trog
Uskayaw
Vehumet
Wu Jian
Yredelemnul
The Shining One

Shops:
D:8 [

Annotations:
D:7 2 transporters, Tinylith's ghost, novice FoFi
D:10 exclusion: ice statue


Innate Abilities, Weirdness & Mutations

You reflexively headbutt those who attack you in melee.
You have a pair of horns on your head.


Message History

The redback bites you but does no damage.
You block the hornet's attack. The spiny frog stings you!!
* * * LOW HITPOINT WARNING * * *
The water moccasin bites you but does no damage.
You slash the black mamba! You burn the black mamba.
Your headbutt misses the black mamba.
The black mamba is heavily wounded.
You slash the redback! You burn the redback.
You hit the spiny frog but do no damage.
You barely miss the hornet. You hit the plant. You burn the plant.
You slash the water moccasin! You burn the water moccasin.
You kill the water moccasin!
The black mamba bites you!
* * * LOW HITPOINT WARNING * * *
The redback bites you.
* * * LOW HITPOINT WARNING * * *
You are lethally poisoned!
The redback poisons you! The hornet stings you!
You die...
Your body glows with a rainbow of weird colours and disappears.

............# ..
...P........#
...##P.........##
.........PP...#.####
....##...P.....##..##
.....#..P....).....^###
....S...$..........P#P##
......FsS.†...........P#
.......@†...÷.......#...
P.....yP##..............
........###....#........
......§.[ #..†....##?...
...........#.%..........
............##†#........
............ #†#..÷.....
............ ##.††....†.
....#.. #####.....


You could see a guardian serpent, a black mamba, a spiny frog, a hornet and a
redback.

Vanquished Creatures
  Gastronok (Lair:3)
  An entropy weaver (Lair:6)
  3 hydras
  A catoblepas (Lair:5)
  A centaur warrior (Volcano)
  A two-headed ogre (D:8)
  Nergalle (Lair:3)
  A hell knight (Volcano)
  A wolf spider (Lair:6)
  6 elephants
  11 spiny frogs
  4 black mambas
  A torpor snail (Lair:6)
  A rime drake (Lair:4)
  3 yaktaurs (Volcano)
  2 komodo dragons
  3 polar bears
  A troll (D:10)
  A hornet (Lair:6)
  7 dream sheep
  36 blink frogs
  Prince Ribbit (D:6)
  3 hippogriffs
  A human (D:9)
  47 yaks
  3 fire bats (Lair:4)
  3 wyverns (Lair:6)
  A fire elemental (Lair:4)
  2 hogs (D:9)
  4 hungry ghosts
  2 basilisks
  Grum (D:9)
  3 vampire mosquitoes (Lair:4)
  Menkaure (D:5)
  9 porcupines
  2 hell hounds (Lair:1)
  14 water moccasins
  8 ogres
  An orc warrior (D:9)
  A sky beast (D:9)
  2 black bears
  3 phantoms
  5 ice beasts
  7 wolves
  5 centaurs
  9 crocodiles
  Blork the orc (D:4)
  4 big kobolds
  12 bullfrogs
  A gnoll sergeant (D:9)
  2 scorpions
  A troll zombie (D:10)
  A killer bee (D:8)
  4 wights (D:9)
  A howler monkey (D:8)
  2 crimson imps
  A bullfrog zombie (D:8)
  A lava snake (Lair:4)
  2 centaur zombies (D:8)
  3 jellies
  A quasit (D:7)
  Crazy Yiuf (D:4)
  8 orc priests
  3 bullfrog skeletons
  3 hounds
  12 orc wizards
  A centaur skeleton (D:10)
  5 iguanas
  8 worker ants
  5 ogre zombies (D:10)
  A hound skeleton (D:9)
  10 gnolls
  7 adders
  2 river rats
  A shadow imp (D:9)
  6 oozes
  An adder zombie (D:9)
  An adder skeleton (D:7)
  2 worms
  A dart slug (D:3)
  7 leopard geckos
  33 orcs
  A ball python (D:4)
  7 bats
  7 giant cockroaches
  3 goblins
  7 hobgoblins
  5 jackals
  2 quokkas (D:4)
  10 frilled lizards
  2 giant cockroach zombies (D:6)
  A goblin skeleton (D:10)
  A hobgoblin zombie (D:10)
  A jackal skeleton (D:4)
  19 kobolds
  2 leopard gecko skeletons
  An orc skeleton (D:10)
  16 orc zombies (D:10)
  4 rats
  A bush (Lair:6)
  12 fungi
  3 plants (Lair:6)
485 creatures vanquished.

Vanquished Creatures (others)
  16 fungi
  15 plants
31 creatures vanquished.

Grand Total: 516 creatures vanquished

Notes
Turn   | Place    | Note
-------+----------+-------------------------------------------
     0 | D:1      | Mrkan the Minotaur Fighter began the quest for the Orb.
     0 | D:1      | Reached XP level 1. HP: 19/19 MP: 0/0
    38 | D:1      | Found a sparkling altar of Nemelex Xobeh.
    62 | D:1      | Became a worshipper of Nemelex Xobeh the Trickster
   108 | D:1      | Reached XP level 2. HP: 27/27 MP: 1/1
   167 | D:1      | Received a gift from Nemelex Xobeh
   694 | D:2      | Reached XP level 3. HP: 33/33 MP: 2/2
   905 | D:2      | Found a hazy altar of Hepliaklqana.
  1137 | D:2      | Received a gift from Nemelex Xobeh
  1137 | D:2      | Reached * piety under Nemelex Xobeh
  1253 | D:2      | Found a burning altar of Makhleb.
  1253 | D:2      | Found a radiant altar of Vehumet.
  1330 | D:3      | Reached XP level 4. HP: 36/40 MP: 3/3
  1546 | D:3      | Found a snail-covered altar of Cheibriados.
  1815 | D:3      | Received a gift from Nemelex Xobeh
  1852 | D:3      | Reached ** piety under Nemelex Xobeh
  2006 | D:4      | Found a basalt altar of Yredelemnul.
  2085 | D:4      | Noticed Blork the orc
  2092 | D:4      | Killed Blork the orc
  2092 | D:4      | Reached XP level 5. HP: 39/47 MP: 4/4
  2174 | D:4      | Received a gift from Nemelex Xobeh
  2180 | D:4      | Noticed a phantom
  2216 | D:4      | Killed a phantom
  2216 | D:4      | Reached skill level 5 in Axes
  2216 | D:4      | Reached skill level 5 in Shields
  2216 | D:4      | Reached XP level 6. HP: 46/55 MP: 5/5
  2372 | D:4      | Reached skill level 5 in Fighting
  2372 | D:4      | Reached skill level 5 in Armour
  2382 | D:4      | Got a fine scale mail
  2659 | D:4      | Received a gift from Nemelex Xobeh
  2691 | D:4      | Found a shimmering blue altar of Sif Muna.
  2973 | D:4      | Reached *** piety under Nemelex Xobeh
  3085 | D:4      | Found a runed translucent door.
  3086 | D:4      | Noticed Crazy Yiuf
  3095 | D:4      | Killed Crazy Yiuf
  3431 | D:5      | Entered Level 5 of the Dungeon
  3504 | D:5      | Noticed an ice beast
  3512 | D:5      | Killed an ice beast
  3512 | D:5      | Reached XP level 7. HP: 53/61 MP: 6/6
  3607 | D:5      | Found a glowing drain.
  3619 | Sewer    | Entered a sewer
  3794 | Sewer    | Received a gift from Nemelex Xobeh
  3813 | Sewer    | Found a white marble altar of Elyvilon.
  4103 | D:5      | Found a bloodstained altar of Trog.
  4448 | D:5      | Noticed Menkaure
  4458 | D:5      | Killed Menkaure
  4596 | D:5      | Reached XP level 8. HP: 53/70 MP: 7/7
  6021 | D:6      | Reached **** piety under Nemelex Xobeh
  6021 | D:6      | Received a gift from Nemelex Xobeh
  6311 | D:6      | HP: 3/73 [ogre/+0 giant club (8)]
  6313 | D:6      | You fall into a shaft and drop 2 floors!
  6579 | D:8      | Reached XP level 9. HP: 44/79 MP: 8/8
  6762 | D:8      | Noticed a two-headed ogre
  6778 | D:8      | HP: 3/79 [poisoned by a water moccasin]
  6781 | D:8      | Killed a two-headed ogre
  6781 | D:8      | Reached skill level 10 in Axes
  6785 | D:8      | HP: 2/81 [poisoned by a water moccasin]
  6838 | D:8      | Identified the cursed +1 scale mail of the Leaf {rF+ rC-
                  | Regen+ SInv} (You found it on level 4 of the Dungeon)
  6857 | D:8      | HP: 2/81 [ogre/cursed +0 giant club (17)]
  7349 | D:8      | Found an ancient bone altar of Kikubaaqudgha.
  7679 | D:8      | Found a sacrificial altar of Ru.
  7689 | D:8      | Found Kaefeu's Antique Armour Boutique.
  7689 | D:8      | Received a gift from Nemelex Xobeh
  7696 | D:8      | Bought a pair of glowing gloves for 187 gold pieces
  8098 | D:7      | Found a transporter.
  8159 | D:7      | Reached XP level 10. HP: 62/90 MP: 4/9
  8341 | D:7      | Noticed Tinylith's ghost (novice FoFi)
  8478 | D:7      | Found a transporter.
  8514 | D:7      | Received a gift from Nemelex Xobeh
  8529 | D:7      | Noticed a manticore
  8529 | D:7      | a hippogriff changed into a manticore
  8542 | D:7      | a manticore changed into a dream sheep
  8551 | D:7      | Found a staircase to the Ecumenical Temple.
  8730 | D:7      | Noticed a spark wasp
  8741 | D:7      | Noticed a wolf spider
  8741 | D:7      | a spark wasp changed into a wolf spider
  8757 | D:7      | Found an ornate altar of the Wu Jian Council.
  8910 | D:6      | Noticed Prince Ribbit
  8918 | D:6      | Killed Prince Ribbit
  9261 | D:9      | Received a gift from Nemelex Xobeh
  9696 | D:9      | Found a hide-covered altar of Uskayaw.
  9776 | D:9      | Reached ***** piety under Nemelex Xobeh
 10061 | D:9      | Noticed Grum
 10078 | D:9      | Killed Grum
 10078 | D:9      | Reached skill level 1 in Invocations
 10465 | D:9      | Found a glowing golden altar of the Shining One.
 10465 | D:9      | Found a blossoming altar of Fedhas.
 10561 | D:10     | Entered Level 10 of the Dungeon
 10564 | D:10     | Found a staircase to the Lair.
 10592 | D:10     | Found a staircase to the Orcish Mines.
 10657 | D:10     | Reached XP level 11. HP: 62/99 MP: 9/11
 11138 | D:10     | Received a gift from Nemelex Xobeh
 11166 | D:10     | Reached skill level 10 in Fighting
 11477 | D:10     | Received a gift from Nemelex Xobeh
 11682 | D:10     | Received a gift from Nemelex Xobeh
 12059 | Lair:1   | Entered Level 1 of the Lair of Beasts
 12164 | Lair:1   | Reached skill level 5 in Invocations
 12726 | Lair:1   | Found a dark tunnel.
 12740 | Volcano  | Entered a volcano
 12858 | Volcano  | Noticed a hell knight
 12879 | Volcano  | Killed a hell knight
 13345 | Volcano  | Noticed a centaur warrior
 13366 | Volcano  | Killed a centaur warrior
 14047 | Lair:1   | Reached XP level 12. HP: 76/112 MP: 10/17
 14134 | Lair:1   | Noticed a five-headed hydra
 14137 | Lair:1   | Killed a five-headed hydra
 14305 | Lair:1   | Received a gift from Nemelex Xobeh
 14876 | Lair:2   | Noticed an eight-headed hydra
 14883 | Lair:2   | Killed an eight-headed hydra
 14903 | Lair:2   | Reached skill level 10 in Invocations
 15050 | Lair:2   | Received a gift from Nemelex Xobeh
 15144 | Lair:2   | Found a staircase to the Snake Pit.
 15561 | Lair:3   | Received a gift from Nemelex Xobeh
 15871 | Lair:3   | Noticed Gastronok
 15894 | Lair:3   | Killed Gastronok
 16080 | Lair:3   | Reached ****** piety under Nemelex Xobeh
 16219 | Lair:3   | Noticed Nergalle
 16252 | Lair:3   | Killed Nergalle
 16713 | Lair:3   | Received a gift from Nemelex Xobeh
 17086 | Lair:4   | Reached XP level 13. HP: 97/122 MP: 15/21
 17247 | Lair:4   | Found a staircase to the Swamp.
 17277 | Lair:4   | Reached skill level 10 in Shields
 17619 | Lair:4   | Found a sacrificial altar of Ru.
 17651 | Lair:4   | Reached skill level 10 in Armour
 18046 | Lair:4   | Received a gift from Nemelex Xobeh
 18783 | Lair:5   | Received a gift from Nemelex Xobeh
 19023 | Lair:5   | Found a staircase to the Slime Pits.
 19269 | Lair:5   | Received a gift from Nemelex Xobeh
 19882 | Lair:6   | Entered Level 6 of the Lair of Beasts
 19882 | Lair:6   | Received a gift from Nemelex Xobeh
 19893 | Lair:6   | Noticed an entropy weaver
 19893 | Lair:6   | a seven-headed hydra changed into an entropy weaver
 19912 | Lair:6   | Killed an entropy weaver
 19971 | Lair:6   | HP: 2/125 [yak (8)]
 20207 | Lair:6   | HP: 8/187 [black mamba (9)]
 20207 | Lair:6   | Slain by a hornet

Illustrated notes

Levels and vault maps discovered:
D:1:      dpeg_arrival_round_b, layout_rooms, nemelex_xobeh_ov_fountains_minmay
D:2:      layout_rooms, amethyst_overflow_temple_binary, lemuel_doored_altar
D:3:      layout_loops_ring, old_standard_altar, minmay_misc_feat_tower,
          feat_on_display
D:4:      minmay_skewed_foursquare, layout_loops_corners,
          yredelemnul_altar_generic, lemuel_blue_sif_altar, uniq_blork_the_orc,
          uniq_crazy_yiuf_cottage
D:5:      layout_loops_corners, kennysheep_mini_moat, first_ration,
          cheibrodos_sewer_entry_sluice, uniq_menkaure
D:6:      layout_layer_cave, corexii_corridor_pit, st_stairs_13,
          uniq_prince_ribbit1
D:7:      layout_basic, marbit_many_paths, temple_fountains,
          gammafunk_ghost_arena
D:8:      minmay_clustersquares, layout_cave_pools,
          nicolae_overflow_crystal_walls, serial_shops, shop, basic_altar
D:9:      layout_loops_ring, eat_drink_and_be_merry_uskayaw,
          gammafunk_temple_overflow_wave, grunt_livestock, minmay_misc_feat_chi,
          uniq_grum
D:10:     layout_layer_cave, lair_entry_dummy, zombieorc1_lemuel, minivault_16
Lair:1:   layout_loops_ring, enter_volcano_3, serial_bayou_shore_b
Lair:2:   layout_regular_city, dummy_snake_entry, st_stairs_4
Lair:3:   layout_cave_pods, beast_lair_carwin_4, uniq_nergalle, uniq_gastronok
Lair:4:   layout_gridlike, minmay_swamp_entry_swarm, basic_altar, st_stairs_5
Lair:5:   layout_roguey, nicolae_slime_entry_slimehenge,
          chequers_serial_rivers_room_b
Lair:6:   hangedman_lair_tendril_chambers, layout_misc_corridors, wormcave,
          grunt_forest_small_clearing_treed

Skill      XL: |  1  2  3  4  5  6  7  8  9 10 11 12 13 |
---------------+----------------------------------------+-----
Axes           | 3 4 5 6 7 9 11 12 14 | 14.6
Shields        | 4 5 6 7 8 9 11 | 11.1
Fighting       | 4 5 6 7 8 9 11 13 14 | 14.4
Armour         | 4 5 6 7 8 9 11 | 11.1
Invocations    | 2 8 12 | 12.0

Action                   |  1- 3 |  4- 6 |  7- 9 | 10-12 | 13-15 || total
-------------------------+-------+-------+-------+-------+-------++-------
Melee: War axe           |   111 |    17 |       |       |       ||   128
       Headbutt          |    13 |    21 |    68 |   231 |   127 ||   460
       Hand axe          |       |   102 |   326 |   793 |   358 ||  1579
Invok: Draw Destruction  |       |       |     1 |    10 |    14 ||    25
       Draw Escape       |       |       |     1 |       |     1 ||     2
  Use: Potion            |       |       |     6 |     3 |     7 ||    16
       Scroll            |       |       |     9 |    16 |       ||    25
  Eat: Chunk             |     1 |     6 |    10 |    18 |     9 ||    44
       Ration            |       |       |     2 |     5 |       ||     7
Armor: Scale mail        |    17 |       |       |       |       ||    17
       Plate armour      |    73 |    55 |   196 |   226 |       ||   550
       Chain mail        |       |       |       |    92 |   203 ||   295
Dodge: Dodged            |    19 |     8 |    45 |   125 |    73 ||   270
       Repelled          |       |       |     2 |     5 |     1 ||     8
Block: Kite shield       |    66 |    42 |   202 |   391 |   221 ||   922
